Map: Central Protocol

Players

MarineLorD - Winner!

  • Race: Terran Terran
  • League: Grandmaster

Nerchio

  • Race: Zerg Zerg
  • League: Grandmaster

Event: 2016 WCS Winter Challenger Europe

VOD

Have the link to the VOD?

Description

Time

  • Played on: Feb. 13, 2016, 1:14 p.m.
  • Length: 11:06

All games in this series

Show
View Real Time Build Order
Export as new Build Order

MarineLorD Terran - Winner!

Build Orders: MMM Bio 

Get SALT Encoding   

  12  0:01  SCV  
  13  0:13  SCV  
  14  0:17  Supply Depot  
  14  0:25  SCV  
  15  0:39  SCV  
  15  0:41  Barracks  
  16  0:45  Refinery  
  16  0:51  SCV  
  17  1:00  Barracks  
  17  1:03  SCV  
  18  1:15  SCV  
  19  1:27  Orbital Command  
  19  1:29  Reaper  
  20  1:41  Supply Depot  
  20  1:50  Reaper  
  20  1:53  SCV  
  22  2:05  SCV, Reaper  
  24  2:13  Command Center  
  24  2:17  SCV  
  25  2:23  Reaper  
  25  2:29  SCV  
  27  2:30  Supply Depot  
  27  2:41  SCV  
  28  2:53  SCV  
  28  2:54  Reaper  
  30  2:59  Barracks Reactor  
  30  3:01  Command Center  
  30  3:05  SCV  
  30  3:08  Refinery  
  31  3:17  SCV  
  32  3:21  Barracks  
  32  3:26  Orbital Command  
  32  3:30  SCV  
  33  3:35  Barracks Tech Lab  
  33  3:36  Marine x2  
  35  3:42  SCV  
  36  3:49  Bunker  
  36  3:54  SCV x2, Marine x2  
  40  3:58  Marauder  
  40  3:59  Stimpack  
  42  4:06  SCV x2  
  44  4:11  Factory  
  44  4:12  Barracks Tech Lab  
  44  4:17  Orbital Command  
  44  4:18  SCV  
  44  4:20  Marine x2  
  47  4:25  Marauder  
  47  4:26  SCV  
  47  4:30  SCV  
  51  4:38  Marauder, SCV  
  54  4:42  SCV  
  55  4:45  SCV  
  55  4:50  SCV  
  58  4:53  Marauder, Engineering Bay x2, Marine  
  58  4:57  SCV  
  59  5:02  SCV  
  58  5:07  Marauder, Marine  
  58  5:09  SCV  
  58  5:10  Factory Reactor, Starport  
  58  5:13  Refinery  
  58  5:14  Refinery, SCV  
  61  5:19  Supply Depot  
  61  5:20  SCV  
  63  5:26  Supply Depot  
  63  5:28  Terran Infantry Weapons Level 1  
  63  5:31  SCV  
  63  5:32  SCV, Marine x2  
  63  5:33  Marauder  
  69  5:38  Supply Depot  
  69  5:40  Marauder  
  71  5:43  Supply Depot, SCV  
  71  5:44  SCV  
  71  5:45  Terran Infantry Armor Level 1  
  71  5:48  Orbital Command  
  73  5:53  Marine x2  
  73  5:55  Factory Tech Lab  
  73  5:56  SCV  
  77  5:57  SCV  
  77  5:58  Medivac x2  
  81  6:08  SCV  
  81  6:09  Marauder x2, SCV  
  87  6:15  Marine x2  
  87  6:16  Combat Shields  
  89  6:19  SCV  
  89  6:20  Supply Depot, SCV  
  89  6:22  Bunker  
  91  6:27  SCV  
  91  6:31  Marine x2  
  91  6:32  SCV  
  95  6:37  SCV  
  96  6:42  Marine x2  
  96  6:44  SCV  
  96  6:46  Medivac  
  96  6:47  Medivac  
  103  6:49  Armory, Marauder x2  
  103  6:50  Barracks  
  103  6:51  Barracks  
  103  6:52  Supply Depot  
  103  6:53  Supply Depot  
  107  6:55  Supply Depot  
  107  7:00  Marine  
  108  7:02  Refinery  
  108  7:03  Refinery, Marine  
  109  7:13  Marine x2  
  109  7:14  Siege Tank, SCV x3  
  117  7:18  Marine  
  117  7:21  Marine  
  118  7:26  SCV x3  
  108  7:31  Marine  
  108  7:32  Marauder  
  108  7:36  Marine  
  99  7:37  Marine  
  99  7:38  SCV x3, Marine  
  104  7:46  Siege Tank, Concussive Shells  
  104  7:48  Terran Infantry Weapons Level 2, Barracks Tech Lab  
  104  7:49  Marine  
  104  7:50  SCV x3  
  105  7:53  Marine  
  105  7:56  Marine  
  105  7:58  Terran Infantry Armor Level 2  
  107  8:01  Marauder, Barracks x2  
  107  8:02  SCV x2, Barracks  
  110  8:06  Marine  
  110  8:07  Marauder  
  110  8:10  Marine  
  110  8:11  Marine  
  112  8:14  Marine  
  112  8:15  Medivac  
  112  8:18  Siege Tank  
  112  8:19  Bunker  
  118  8:22  Bunker, Marine  
  118  8:24  Marine  
  119  8:28  Marine x2  
  119  8:29  Medivac, Marine  
  119  8:32  Marine  
  123  8:40  Marine  
  111  8:42  Marine  
  111  8:45  Marine  
  111  8:46  Marine  
  111  8:47  Marine  
  102  8:50  Siege Tank, Marine  
  101  8:58  Terran Vehicle Weapons Level 1, Marine  
  101  8:59  Factory  
  101  9:00  Marine  
  101  9:02  Marine x3  
  106  9:03  Marine  
  106  9:04  Marine  
  106  9:05  Marine  
  106  9:07  Marine  
  110  9:15  Marine  
  111  9:18  Command Center, Marine  
  111  9:19  Medivac x2, Marine  
  111  9:20  Marine x2  
  111  9:21  Marine  
  111  9:22  Siege Tank, Marine x2  
  126  9:24  SCV  
  126  9:25  Marine  
  125  9:34  Marauder  
  125  9:36  Marauder  
  125  9:37  Marine x2  
  125  9:38  Marine  
  132  9:39  Supply Depot, Marine  
  132  9:40  Supply Depot  
  132  9:42  Supply Depot, Marine x2  
  132  9:43  Marine  
  122  9:54  Siege Tank  
  122  9:55  Marine x4  
  122  9:57  Marine  
  122  9:58  Marauder  
  121  10:00  Marine x2  
  121  10:01  Marine  
  121  10:04  Liberator  
  123  10:11  Factory Tech Lab  
  123  10:12  Marine  
  126  10:17  Barracks Reactor x2, Marine x2  
  126  10:18  Barracks Reactor, Marine  
  126  10:19  Barracks Tech Lab, Marine  
  133  10:28  Supply Depot  
  133  10:30  Marine  
  133  10:31  Supply Depot  
  134  10:35  Marine x2  
  134  10:36  Marine  
  134  10:39  Marine  
  134  10:40  Marauder  
  138  10:43  Missile Turret  
Show
View Real Time Build Order
Export as new Build Order

Nerchio Zerg 

Build Orders: Hatch First 

Get SALT Encoding   

  12  0:00  Drone  
  13  0:12  Overlord  
  13  0:17  Drone  
  14  0:30  Drone x2  
  14  0:34  Drone  
  17  0:52  Hatchery  
  17  0:55  Drone  
  17  0:59  Drone  
  18  1:05  Extractor  
  17  1:16  Spawning Pool  
  16  1:18  Drone  
  16  1:22  Drone  
  18  1:28  Drone  
  19  1:38  Overlord  
  19  2:02  Queen  
  19  2:04  Drone, Roach Warren  
  19  2:08  Queen  
  23  2:11  Zergling x2  
  23  2:15  Zergling x2  
  25  2:18  Zergling x2  
  25  2:21  Drone  
  27  2:25  Drone  
  28  2:31  Overlord  
  28  2:50  Roach x3  
  28  2:51  Roach  
  35  2:55  Roach  
  36  2:59  Roach  
  36  3:04  Roach  
  40  3:09  Overlord  
  40  3:16  Drone x2  
  40  3:17  Drone  
  42  3:23  Overlord  
  42  3:28  Drone  
  42  3:31  Drone x2  
  45  3:35  Drone  
  45  3:37  Drone  
  45  3:40  Drone  
  48  3:43  Drone  
  49  3:50  Drone, Evolution Chamber  
  49  3:54  Drone  
  50  3:58  Drone x2  
  50  3:59  Drone  
  50  4:02  Drone  
  54  4:04  Drone, Extractor x2  
  53  4:11  Drone  
  54  4:17  Drone  
  54  4:22  Drone  
  57  4:24  Drone x3  
  59  4:39  Overlord x2, Hatchery  
  59  4:43  Overlord  
  58  4:51  Drone x2  
  60  4:53  Overlord  
  60  4:56  Overlord, Queen  
  60  5:06  Drone  
  61  5:07  Drone x2  
  61  5:09  Lair  
  61  5:13  Zerg Ground Armor Level 1  
  59  5:14  Drone  
  60  5:22  Drone x2  
  60  5:24  Drone x2  
  60  5:26  Extractor  
  60  5:27  Drone x2  
  60  5:28  Drone, Evolution Chamber  
  66  5:30  Drone  
  66  5:39  Roach x2  
  66  5:41  Roach  
  72  5:47  Roach  
  74  5:50  Overlord  
  74  5:56  Roach x4  
  82  5:58  Drone  
  82  5:59  Drone x2  
  82  6:02  Overlord  
  85  6:09  Zerg Missile Weapons Level 1  
  85  6:14  Glial Reconstitution  
  85  6:15  Spire, Roach x2  
  85  6:16  Overseer  
  88  6:22  Roach x3  
  94  6:29  Roach x2  
  94  6:30  Roach x2  
  94  6:32  Overlord  
  102  6:36  Overlord  
  102  6:41  Roach x3  
  102  6:43  Roach  
  102  6:44  Overlord  
  110  6:47  Overlord  
  110  6:50  Roach  
  110  6:51  Roach  
  110  6:54  Ravager x4  
  118  6:56  Ravager  
  118  6:59  Roach  
  118  7:00  Roach  
  123  7:03  Roach  
  123  7:06  Roach  
  129  7:08  Roach  
  129  7:11  Roach  
  129  7:12  Roach  
  129  7:13  Zergling x10  
  129  7:14  Zergling x2  
  131  7:24  Roach x4  
  131  7:25  Roach  
  131  7:29  Roach  
  122  7:31  Roach  
  122  7:33  Roach  
  107  7:39  Roach  
  107  7:40  Roach  
  107  7:43  Drone x2  
  111  7:44  Drone  
  111  7:45  Drone x2  
  111  7:46  Extractor x2  
  111  7:48  Drone  
  109  7:51  Drone  
  112  7:58  Ravager x2  
  112  8:02  Roach  
  112  8:03  Roach x2  
  112  8:05  Roach  
  121  8:10  Roach  
  121  8:11  Roach  
  125  8:13  Roach  
  125  8:15  Roach  
  125  8:17  Roach  
  125  8:19  Roach  
  133  8:20  Overlord x2  
  131  8:27  Roach  
  131  8:28  Overlord, Roach x2  
  133  8:35  Roach  
  133  8:39  Roach  
  133  8:40  Roach  
  133  8:41  Roach  
  124  8:42  Roach  
  124  8:44  Roach x2  
  124  8:45  Roach  
  124  8:47  Roach  
  115  8:49  Roach  
  115  8:51  Roach  
  115  8:53  Roach  
  115  8:55  Roach  
  115  8:58  Roach  
  115  8:59  Drone  
  115  9:00  Drone  
  115  9:02  Drone  
  118  9:06  Ravager  
  118  9:07  Ravager  
  118  9:08  Queen  
  124  9:10  Roach  
  124  9:11  Roach  
  124  9:14  Roach  
  130  9:17  Roach  
  130  9:20  Roach  
  130  9:21  Roach  
  134  9:27  Roach x3  
  134  9:30  Roach x2  
  142  9:33  Roach  
  142  9:36  Ravager, Roach  
  142  9:38  Overlord  
  147  9:41  Ravager  
  147  9:42  Overlord  
  148  9:51  Roach  
  128  9:53  Roach  
  128  9:54  Roach  
  128  9:55  Roach  
  128  9:56  Roach  
  128  9:57  Roach x2  
  128  9:58  Roach  
  128  9:59  Roach  
  118  10:02  Roach  
  118  10:06  Roach x2  
  119  10:08  Roach  
  119  10:15  Roach  
  119  10:16  Roach  
  119  10:17  Roach  
  119  10:20  Ravager  
  126  10:22  Ravager  
  126  10:23  Roach  
  126  10:25  Roach  
  126  10:26  Extractor  
  126  10:28  Roach  
  132  10:30  Roach  
  132  10:31  Roach  
  132  10:32  Roach  
  138  10:37  Roach  
  138  10:38  Roach  
  138  10:40  Roach  
  138  10:41  Roach  
  138  10:42  Roach  
  148  10:44  Roach  
  148  10:46  Roach  
Tags
 
Add a new tag
Caveats
  • Supply blocks, unpowered buildings, or Contaminate may cause inaccurate times.
  • Supply counts are checked every 10 seconds.